 Dungeon Crawl Stone Soup version 0.30-a0-639-g3916f1956a (webtiles) character file.

Game seed: 2888149931999807464

59 themarg the Charlatan (level 4, 38/38 HPs)
             Began as a Gnoll Wanderer on Jan 15, 2023.
             Was a Follower of Dithmenos.
             Quit the game on level 2 of the Dungeon.
             The game lasted 00:03:07 (993 turns).

themarg the Charlatan (Gnoll Wanderer)               Turns: 993, Time: 00:03:07

Health: 38/38      AC:  6    Str: 10    XL:     4   Next: 3%
Magic:  6/6        EV: 10    Int: 10    God:    Dithmenos [*.....]
Gold:   127        SH:  0    Dex: 16    Spells: 5/5 levels left

rFire   . . .      SeeInvis .    a - +0 falchion
rCold   . . .      Faith    .    (no shield)
rNeg    . . .      Spirit   .    c - +0 ring mail
rPois   .          Reflect  .    (no helmet)
rElec   .          Harm     .    (no cloak)
rCorr   .          Rampage  .    (no gloves)
Will    .....                    (no boots)
Stlth   +                        (no amulet)
HPRegen 0.26/turn                (no ring)
MPRegen 0.10/turn                (no ring)

@: wreathed by umbra
A: fangs 1, strong nose, distributed training
a: Renounce Religion


You were on level 2 of the Dungeon.
You worshipped Dithmenos.
Dithmenos was aware of your devotion.
You visited 1 branch of the dungeon, and saw 2 of its levels.

You collected 127 gold pieces.

Inventory:

Hand Weapons
 a - a +0 falchion (weapon)
Missiles
 f - 19 stones (quivered)
 h - 3 atropa-tipped darts
 n - 10 poisoned darts
Armour
 b - a +0 buckler of protection
 c - a +0 ring mail (worn)
Wands
 k - a wand of light (9)
 m - a wand of flame (18)
Scrolls
 d - a scroll of teleportation
 i - a scroll of vulnerability {unknown}
 o - a scroll of identify {unknown}
 p - a scroll of immolation {unknown}
Potions
 e - a potion of lignification {unknown}
 g - 2 potions of curing {unknown}
 j - a potion of attraction {unknown}
 l - a potion of heal wounds {unknown}
 q - a potion of might {unknown}


   Skills:
 + Level 4.6 Fighting
 + Level 1.0 Short Blades
 + Level 2.7 Long Blades
 + Level 1.0 Axes
 + Level 1.0 Maces & Flails
 + Level 1.0 Polearms
 + Level 1.0 Staves
 + Level 1.0 Ranged Weapons
 + Level 1.0 Throwing
 + Level 4.6 Armour
 + Level 1.0 Dodging
 + Level 1.0 Stealth
 + Level 4.6 Shields
 + Level 1.0 Unarmed Combat
 + Level 1.0 Spellcasting
 + Level 0.8 Conjurations
 + Level 0.8 Hexes
 + Level 0.8 Summonings
 + Level 0.8 Necromancy
 + Level 0.8 Translocations
 + Level 0.8 Transmutations
 + Level 0.8 Fire Magic
 + Level 0.8 Ice Magic
 + Level 0.8 Air Magic
 + Level 0.8 Earth Magic
 + Level 0.8 Poison Magic
 + Level 2.8 Invocations
 + Level 4.6 Evocations


You had 5 spell levels left.
You didn't know any spells.
Your spell library contained the following spells:

 Spells                   Type           Power      Damage    Failure   Level
 Kiss of Death            Conj/Necr      8%         2d6       50%         1
 Ensorcelled Hibernation  Hex/Ice        4%         N/A       65%         2
 Passwall                 Tmut/Erth      1%         N/A       65%         2
 Confusing Touch          Hex            2%         N/A       86%         3
 Ignite Poison            Fire/Tmut/Pois 2%         N/A       86%         3
 Swiftness                Air            2%         N/A       86%         3
 Dispel Undead            Necr           2%         3d7       99%         4
 Sticky Flame             Conj/Fire      2%         2d3       99%         4
 Ignition                 Fire           1%         3d3       100%        8


Dungeon Overview and Level Annotations

Branches:
Dungeon (2/15)

Altars:
Dithmenos

Shops:
D:2 [


Innate Abilities, Weirdness & Mutations

You have very sharp teeth.
Your uncanny sense of smell can sniff out nearby items.
Your experience applies equally to all skills.


Message History

The bat misses you. The bat barely misses you.
The bat hits you but does no damage.
You hit the bat.
You kill the bat!
Dithmenos accepts your kill.
n - 10 poisoned darts (gained 4)
The kobold shouts!
You hear an angry hiss.
The kobold hits you but does no damage.
A ball python comes into view.
You miss the kobold. The kobold closely misses you.
You barely miss the kobold. The kobold hits you but does no damage.
An endoplasm comes into view.
The kobold hits you but does no damage. The kobold attacks as you move away!
The kobold hits you but does no damage. The kobold attacks as you move away!
The kobold barely misses you.
Things that are here:
a bat corpse; an adder corpse You closely miss the kobold.
The kobold hits you but does no damage.
You hit the kobold.
The kobold is heavily wounded.
The kobold barely misses you.
You hit the kobold.
You kill the kobold!
Dithmenos accepts your kill.
The ball python bites you but does no damage.
The ball python grabs you. The ball python constricts you.
You have reached level 4!
You feel stronger.
You slash the ball python!
You kill the ball python!
Dithmenos accepts your kill.
The endoplasm quivers.
Items here: ) †††.
You hit the endoplasm.
The endoplasm is lightly wounded.
The endoplasm hits you but does no damage.
You slash the endoplasm!
You kill the endoplasm!
Dithmenos accepts your kill.
Are you sure you want to abandon this character and quit the game? (Confirm with "yes".)

# #. #.#####+## ∆ .........#
####### #......# #.....#
.###.#......#######.....####
.............).@............
.....#.##..########......##
..# ... ##...#### ##.....#
#.### ###....####.....# #
####....#.....# ####.#.....#
#...#.### ###..8#
#....######


There were no monsters in sight!

Vanquished Creatures
  2 adders (D:2)
  2 dart slugs (D:1)
  3 ball pythons
  3 bats (D:2)
  4 endoplasms
  A giant cockroach (D:1)
  3 goblins
  2 hobgoblins (D:1)
  3 jackals (D:1)
  2 frilled lizards
  6 kobolds
  3 rats
34 creatures vanquished.

Notes
Turn   | Place    | Note
-------+----------+-------------------------------------------
     0 | D:1      | themarg the Gnoll Wanderer began the quest for the Orb.
     0 | D:1      | themarg set off with the following items: a +0 falchion, a
                  | +0 buckler of protection, a +0 ring mail, a scroll of
                  | teleportation.
     0 | D:1      | Reached XP level 1. HP: 20/20 MP: 2/2
   212 | D:1      | Reached XP level 2. HP: 21/26 MP: 3/3
   392 | D:1      | Found a faded altar of an unknown god.
   437 | D:1      | Prayed at the altar of an unknown god.
   437 | D:1      | Became a worshipper of Dithmenos the Shadowed
   437 | D:1      | Reached * piety under Dithmenos
   539 | D:1      | Reached XP level 3. HP: 31/31 MP: 4/4
   870 | D:2      | Found Beatogil's Armour Emporium.
   919 | D:2      | Reached skill level 1 in Short Blades
   919 | D:2      | Reached skill level 1 in Axes
   919 | D:2      | Reached skill level 1 in Maces & Flails
   919 | D:2      | Reached skill level 1 in Polearms
   919 | D:2      | Reached skill level 1 in Staves
   919 | D:2      | Reached skill level 1 in Ranged Weapons
   919 | D:2      | Reached skill level 1 in Throwing
   919 | D:2      | Reached skill level 1 in Dodging
   919 | D:2      | Reached skill level 1 in Stealth
   919 | D:2      | Reached skill level 1 in Unarmed Combat
   919 | D:2      | Reached skill level 1 in Spellcasting
   982 | D:2      | Reached XP level 4. HP: 38/38 MP: 6/6
   993 | D:2      | Quit the game

Illustrated notes

Levels and vault maps discovered:
D:1:      minmay_arrival_open_corners, layout_rooms,
          hellmonk_ecumenical_altar_lost_god
D:2:      layout_basic, serial_shops, nicolae_shop_crystal,
          nicolae_shop_statue_plus, shop

Skill      XL: |  1  2  3 |
---------------+----------+-----
Short Blades   | 1 |  1.0
Axes           | 1 |  1.0
Maces & Flails | 1 |  1.0
Polearms       | 1 |  1.0
Staves         | 1 |  1.0
Ranged Weapons | 1 |  1.0
Throwing       | 1 |  1.0
Dodging        | 1 |  1.0
Stealth        | 1 |  1.0
Unarmed Combat | 1 |  1.0
Spellcasting   | 1 |  1.0
Fighting       | |  4.6
Long Blades    | |  2.7
Armour         | |  4.6
Shields        | |  4.6
Conjurations   | |  0.8
Hexes          | |  0.8
Summonings     | |  0.8
Necromancy     | |  0.8
Translocations | |  0.8
Transmutations | |  0.8
Fire Magic     | |  0.8
Ice Magic      | |  0.8
Air Magic      | |  0.8
Earth Magic    | |  0.8
Poison Magic   | |  0.8
Invocations    | |  2.8
Evocations     | |  4.6

Action                   |  1- 3 |  4- 6 || total
-------------------------+-------+-------++-------
Melee: Falchion          |   108 |     3 ||   111
       Bite              |    11 |       ||    11
Armor: Ring mail         |    58 |     1 ||    59
Dodge: Dodged            |    62 |       ||    62
Block: Buckler           |     6 |       ||     6

Table legend: (Time is in decaauts)
 A = Elapsed time spent in this place.
 B = Non-inter-level travel time spent in this place.
 C = Inter-level travel time spent in this place.
 D = Time resting spent in this place.
 E = Time spent auto-exploring this place.
 F = Levels seen in this place.
 G = Mean time per level.
                   A        B        C        D        E       F      G
               +--------+--------+--------+--------+--------+-----+--------+
         Total |   1012 |    996 |     16 |      0 |    730 |   2 |  506.0 |
       Dungeon |   1012 |    996 |     16 |      0 |    730 |   2 |  506.0 |
               +--------+--------+--------+--------+--------+-----+--------+

Top non-repeatable levels by time:
     D:1: 662 daAuts
     D:2: 349 daAuts
